 Dungeon Crawl Stone Soup version 0.26-a0-720-g2a1d101370 (webtiles) character file.

Game seed: 16581986908206652370

205 robertstho the Skirmisher (level 5, -1/53 HPs)
             Began as a Troll Fighter on Nov 2, 2020.
             Slain by a river rat (5 damage)
             ... summoned by Eustachio
             ... on level 4 of the Dungeon.
             The game lasted 00:02:41 (2063 turns).

robertstho the Skirmisher (Troll Fighter)           Turns: 2063, Time: 00:02:42

Health: -1/53      AC:  7    Str: 30    XL:     5   Next: 52%
Magic:  4/4        EV:  8    Int:  5    God:
Gold:   167        SH:  9    Dex:  9    Spells: 4/4 levels left

rFire    . . .     SeeInvis .     - Unarmed
rCold    . . .     Faith    .   b - +0 kite shield
rNeg     . . .     Spirit   .   a - +0 robe
rPois    .         Reflect  .   (helmet restricted)
rElec    .         Harm     .   s - +0 cloak
rCorr    .         Rampage  .   (gloves unavailable)
MR       .....                  (boots unavailable)
Stlth    +.........             (no amulet)
HPRegen  0.57/turn              d - +6 ring of strength
MPRegen  0.09/turn              (no ring)

@: no status effects
A: large, unfitting armour, claws 3, regeneration 1, shaggy fur 1, tough skin 3
a: no special abilities


You were on level 4 of the Dungeon.
You visited 1 branch of the dungeon, and saw 5 of its levels.

You collected 167 gold pieces.

Inventory:

Armour
 a - a +0 robe (worn)
 b - a +0 kite shield (worn)
 s - a +0 cloak (worn)
Jewellery
 d - a +6 ring of strength (left claw)
 w - a cursed amulet of inaccuracy {unknown}
Wands
 u - a wand of random effects (21)
Scrolls
 e - 2 scrolls of enchant weapon {unknown}
 h - 4 scrolls of teleportation {unknown}
 i - a scroll of immolation {unknown}
 o - a scroll of identify {unknown}
 q - a scroll of random uselessness {unknown}
 r - a scroll of amnesia {unknown}
 t - a scroll of fear {unknown}
Potions
 c - a potion of might
 f - a potion of invisibility
 g - a potion of lignification {unknown}
 j - a potion of heal wounds
 k - 2 potions of degeneration {unknown}
 l - 4 potions of curing {unknown}
 m - a potion of haste {unknown}
 n - a potion of magic {unknown}
 p - a potion of stabbing {unknown}
 v - a potion of flight {unknown}


   Skills:
 * Level 3.4 Fighting
 * Level 1.2 Armour
 + Level 3.1 Dodging
 + Level 2.9 Shields
 + Level 3.3 Unarmed Combat


You had 4 spell levels left.
You didn't know any spells.
Your spell library was empty.

Dungeon Overview and Level Annotations

Branches:
Dungeon (5/15)
 Temple: D:4-7

Altars:

Shops:
D:5 (

Annotations:
D:4 Eustachio


Innate Abilities, Weirdness & Mutations

You are too large for most types of armour.
You have claws for hands.
Your natural rate of healing is unusually fast.
You are covered in fur. (AC +1)
You have extremely tough skin. (AC +3)


Message History

You block the river rat's attack. The ufetubus hits you.
The ufetubus hits you but does no damage.
You scratch Eustachio.
Eustachio is almost dead.
You block the iron imp's attack.
The river rat bites you but does no damage.
The ufetubus closely misses you. x2; Eustachio hits you with a +0 falchion.
The rat bites you but does no damage. You block the river rat's attack.
Unknown command.
You scratch Eustachio.
Eustachio is almost dead.
The iron imp disappears in a puff of smoke!
The ufetubus barely misses you.
The ufetubus hits you but does no damage.
The river rat bites you!
Eustachio asks, "How can you live without manners, virtues and honour?"
Eustachio hits you with a +0 falchion!
* * * LOW HITPOINT WARNING * * *
You block the rat's attack. The river rat bites you.
You die...

#?...##
#.....##..
#.........
###.>..#
#......#
##.....#
##...5##
##.@r§##
#.5@r.#
####r......#
#..?###(.
###.# .# .#
.. #


You could see Eustachio (strong), 2 river rats, a white imp (summoned), an
ufetubus (summoned) and a rat (summoned).

Vanquished Creatures
  A jelly (D:5)
  A hound (D:5)
  A hound zombie (D:5)
  4 adders (D:2)
  A white imp (D:5)
  2 oozes
  A worm (D:2)
  3 dart slugs
  2 leopard geckos
  2 orcs (D:3)
  3 ball pythons
  5 giant cockroaches
  7 goblins
  6 hobgoblins
  7 jackals
  2 kobolds
  A quokka (D:3)
  9 bats
  4 frilled lizards
  7 rats
69 creatures vanquished.

Notes
Turn   | Place    | Note
-------+----------+-------------------------------------------
     0 | D:1      | robertstho the Troll Fighter began the quest for the Orb.
     0 | D:1      | Reached XP level 1. HP: 22/22 MP: 0/0
    52 | D:1      | Reached XP level 2. HP: 29/29 MP: 1/1
   496 | D:1      | Reached XP level 3. HP: 36/36 MP: 2/2
  1046 | D:2      | Reached XP level 4. HP: 45/45 MP: 3/3
  1375 | D:3      | Reached skill level 1 in Armour
  1564 | D:3      | You fall into a shaft and drop 2 floors!
  1564 | D:5      | Entered Level 5 of the Dungeon
  1582 | D:5      | Reached XP level 5. HP: 8/53 MP: 4/4
  1593 | D:5      | HP: 1/53 [hound zombie (3)]
  1889 | D:5      | Found Ilaemesk's Weapon Boutique.
  2034 | D:4      | Noticed Eustachio
  2063 | D:4      | Slain by a river rat

Illustrated notes

Levels and vault maps discovered:
D:1:      minmay_arrival_four_loops, layout_basic,
          corexii_item_surrounded_by_moat, roderic_roman_lattice,
          minmay_statues_item
D:2:      minmay_razor_zed, layout_rooms
D:3:      layout_rooms, chequers_serial_rivers_large_a, minmay_vboxes
D:4:      layout_rooms, temple_doors_cd, uniq_eustachio
D:5:      layout_cave_pools, serial_shops, kennysheep_little_box

Skill      XL: |  1  2  3  4 |
---------------+-------------+-----
Fighting       | 3 |  3.4
Dodging        | 3 |  3.1
Armour         | 1 |  1.2
Unarmed Combat | 3 |  3.3
Shields        | |  2.9

Action                   |  1- 3 |  4- 6 || total
-------------------------+-------+-------++-------
Melee: Unarmed           |   101 |   106 ||   207
  Use: Potion            |       |     2 ||     2
 Stab: Sleeping          |     1 |       ||     1
Armor: Robe              |    25 |    53 ||    78
Dodge: Dodged            |    46 |    50 ||    96
Block: Kite shield       |    43 |    56 ||    99

Table legend: (Time is in decaauts)
 A = Elapsed time spent in this place.
 B = Non-inter-level travel time spent in this place.
 C = Inter-level travel time spent in this place.
 D = Time resting spent in this place.
 E = Time spent auto-exploring this place.
 F = Levels seen in this place.
 G = Mean time per level.
                   A        B        C        D        E       F      G
               +--------+--------+--------+--------+--------+-----+--------+
         Total |   2067 |   2002 |     65 |      0 |   1608 |   5 |  413.4 |
       Dungeon |   2067 |   2002 |     65 |      0 |   1608 |   5 |  413.4 |
               +--------+--------+--------+--------+--------+-----+--------+

Top non-repeatable levels by time:
     D:1: 783 daAuts
     D:2: 589 daAuts
     D:5: 469 daAuts
     D:3: 195 daAuts
     D:4: 28 daAuts
